 Dungeon Crawl Stone Soup version 0.26-b1-59-ge38874ec40 (webtiles) character file.

Game seed: 6689498701625623462

439 lastplaneout the Cleaver (level 6, -3/51 HPs)
             Began as a Minotaur Fighter on Jan 9, 2021.
             Slain by Sigmund
             ... wielding a +0 scythe
              (9 damage)
             ... on level 3 of the Dungeon.
             The game lasted 00:07:49 (2696 turns).

lastplaneout the Cleaver (Minotaur Fighter)         Turns: 2696, Time: 00:07:49

Health: -3/51      AC:  6    Str: 22    XL:     6   Next: 70%
Magic:  5/5        EV:  7    Int:  5    God:
Gold:   177        SH:  9    Dex: 10    Spells: 5/5 levels left

rFire    . . .     SeeInvis .   a - +0 war axe
rCold    . . .     Faith    .   c - +0 kite shield
rNeg     . . .     Spirit   .   b - +0 scale mail
rPois    .         Reflect  .   (helmet restricted)
rElec    .         Harm     .   (no cloak)
rCorr    .         Rampage  .   (no gloves)
Will     .....                  (no boots)
Stlth    ..........             (no amulet)
HPRegen  0.17/turn              (no ring)
MPRegen  0.09/turn              (no ring)

@: no status effects
A: retaliatory headbutt, horns 2
a: no special abilities


You were on level 3 of the Dungeon.
You visited 1 branch of the dungeon, and saw 3 of its levels.

You collected 177 gold pieces.

Inventory:

Hand Weapons
 a - a +0 war axe (weapon)
Armour
 b - a +0 scale mail (worn)
 c - a +0 kite shield (worn)
 k - a +0 tower shield
Wands
 p - a wand of digging (5)
Scrolls
 e - 4 scrolls of identify
 h - a scroll of amnesia {unknown}
 i - a scroll of enchant armour {unknown}
Potions
 d - 2 potions of might
 f - a potion of curing {unknown}
 g - 3 potions of lignification
 j - a potion of magic {unknown}
 l - a potion of attraction {unknown}
 m - a potion of heal wounds {unknown}
 n - a potion of cancellation {unknown}
 o - a potion of haste


   Skills:
 - Level 3.6 Fighting
 + Level 8.8 Axes
 - Level 3.6 Armour
 - Level 3.6 Shields


You had 5 spell levels left.
You didn't know any spells.
Your spell library was empty.

Dungeon Overview and Level Annotations

Branches:
Dungeon (3/15)

Altars:
Yredelemnul

Annotations:
D:3 Sigmund


Innate Abilities, Weirdness & Mutations

You reflexively headbutt those who attack you in melee.
You have a pair of horns on your head.


Message History

You slash the orc priest!
You kill the orc priest!
The orc wizard gestures wildly while chanting.
The orc wizard blinks!
Something hits you!
* * * LOW HITPOINT WARNING * * *
An orc comes into view. It is wielding a +0 mace.
You see here an orc corpse.
You closely miss something.
You hear some strange, mumbled words.
Something tries to affect you, but you resist.
You slash something! Something hits you.
* * * LOW HITPOINT WARNING * * *
An orc wizard comes into view. It is wielding a +0 dagger.
You closely miss something.
The orc wizard shouts!
You headbutt something!
You hear some strange, mumbled words.
Something tries to affect you, but you resist.
You slash something! Something hits you!
You die... ## h ≈# ..... #§# ... #####≈§# ..o #....# ooo

####.#
#o# #.#
#o# #
#####.#
#{# #
#.....#
#@# #
#.###.#
#)# # #.#
#.# #.# #
#.# #.#
#.######
# #.# #.#
#..<...#
###.###.#
######.#
##...##.#
#.#
...#....#
#.#
##.>.####
#.#


You could see 2 orc wizards and 4 orcs.

Vanquished Creatures
  The ghost of radhat240 the Chiller, an amateur DEIE (D:3)
  A bullfrog (D:3)
  2 orc priests (D:3)
  Jessica (D:3)
  Robin (D:3)
  4 gnolls (D:3)
  4 adders
  An ooze (D:3)
  2 worms
  3 leopard geckos
  10 orcs (D:3)
  A ball python (D:2)
  2 giant cockroaches
  12 goblins
  6 hobgoblins
  4 jackals (D:3)
  12 kobolds
  2 quokkas
  6 bats
  6 frilled lizards
  9 rats
90 creatures vanquished.

Notes
Turn   | Place    | Note
-------+----------+-------------------------------------------
     0 | D:1      | lastplaneout the Minotaur Fighter began the quest for the
                  | Orb.
     0 | D:1      | Reached XP level 1. HP: 19/19 MP: 0/0
    86 | D:1      | Reached skill level 3 in Axes
   196 | D:1      | Reached XP level 2. HP: 26/26 MP: 1/1
   518 | D:1      | Reached skill level 4 in Axes
   791 | D:2      | Found a basalt altar of Yredelemnul.
   971 | D:2      | Reached XP level 3. HP: 31/31 MP: 2/2
  1368 | D:2      | Reached skill level 5 in Axes
  1450 | D:2      | You fall into a shaft and drop 1 floor!
  1469 | D:3      | Reached XP level 4. HP: 22/39 MP: 3/3
  1710 | D:3      | Reached skill level 6 in Axes
  1717 | D:3      | Noticed Jessica
  1725 | D:3      | Killed Jessica
  1726 | D:3      | Reached XP level 5. HP: 22/45 MP: 4/4
  2167 | D:3      | Noticed Robin
  2174 | D:3      | Reached skill level 7 in Axes
  2175 | D:3      | Killed Robin
  2232 | D:3      | Found a runed translucent door.
  2240 | D:3      | Noticed radhat240's ghost (amateur DEIE)
  2248 | D:3      | Reached XP level 6. HP: 48/51 MP: 5/5
  2257 | D:3      | Killed radhat240's ghost
  2258 | D:3      | Reached skill level 8 in Axes
  2684 | D:3      | Noticed Sigmund
  2696 | D:3      | Slain by Sigmund

Illustrated notes

Levels and vault maps discovered:
D:1:      minmay_arrival_wavy_path, layout_loops_ring
D:2:      minmay_alternating_diamond, layout_loops_ring,
          nicolae_overflow_crystal_walls
D:3:      layout_loops_ring, lightli_temple_of_fire, ebering_ghost_sewer_d,
          kennysheep_jessica_study, uniq_sigmund, uniq_robin, uniq_natasha

Skill      XL: |  1  2  3  4  5  6 |
---------------+-------------------+-----
Axes           | 3 4 5 6 7 8 |  8.8
Fighting       | |  3.6
Armour         | |  3.6
Shields        | |  3.6

Action                   |  1- 3 |  4- 6 || total
-------------------------+-------+-------++-------
Melee: War axe           |    96 |   108 ||   204
       Headbutt          |    10 |    22 ||    32
  Use: Scroll            |       |     1 ||     1
Armor: Scale mail        |    48 |    34 ||    82
Dodge: Dodged            |    35 |    28 ||    63
Block: Kite shield       |    43 |    47 ||    90
